Map: [TLMC21] Taito Citadel

Players

Geralt (Gerald) - Winner!

  • Race: Protoss Protoss
  • League: Grandmaster
  • Spawn Location: 11:00

Jumy (ForJumy)

  • Race: Protoss Protoss
  • League: Master
  • Spawn Location: 5:00

VOD

Have the link to the VOD?

Description

Time

  • Played on: Oct. 12, 2025, 12:52 p.m.
  • Length: 12:03
Show
View Real Time Build Order
Export as new Build Order

Geralt Protoss - Winner!

Build Orders: Oracle Opening, Blink Stalkers 

Get SALT Encoding   

  12  0:00  Probe  
  13  0:12  Probe  
  14  0:17  Pylon  
  14  0:22  Probe  
  15  0:31  Probe  
  16  0:36  Gateway  
  16  0:40  Probe  
  16  0:46  Assimilator  
  17  0:52  Probe  
  17  0:55  Assimilator  
  18  1:00  Probe  
  18  1:08  Gateway, Probe  
  20  1:18  Probe  
  20  1:25  Cybernetics Core  
  21  1:30  Probe  
  22  1:36  Pylon  
  22  1:42  Probe  
  23  1:55  Probe  
  23  1:59  Stalker x2  
  24  2:04  Warp Gate  
  24  2:07  Probe  
  29  2:13  Pylon  
  29  2:19  Pylon, Probe  
  30  2:28  Stargate  
  30  2:39  Probe  
  30  2:52  Nexus  
  30  2:56  Probe  
  31  3:02  Shield Battery  
  31  3:03  Oracle  
  31  3:08  Probe  
  32  3:17  Twilight Council  
  35  3:21  Probe  
  36  3:31  Pylon  
  36  3:33  Probe  
  37  3:45  Probe  
  38  3:53  Shield Battery  
  38  3:55  Stalker x2  
  42  3:57  Probe  
  42  3:58  Blink  
  43  4:09  Probe  
  44  4:11  Probe  
  45  4:21  Probe  
  45  4:22  Adept  
  45  4:23  Adept  
  50  4:26  Probe  
  51  4:34  Probe  
  51  4:38  Probe  
  53  4:45  Gateway x2  
  53  4:56  Probe  
  54  5:00  Probe, Nexus  
  54  5:04  Pylon  
  55  5:08  Probe  
  55  5:12  Probe  
  55  5:13  Stalker  
  59  5:18  Pylon  
  59  5:20  Probe  
  60  5:24  Probe  
  60  5:25  Stalker  
  63  5:32  Probe  
  63  5:33  Forge  
  64  5:36  Probe  
  64  5:39  Stalker  
  67  5:44  Probe  
  67  5:47  Stalker  
  67  5:48  Probe, Stalker  
  71  5:54  Probe, Shield Battery  
  70  5:58  Probe  
  70  6:00  Stalker  
  70  6:02  Probe  
  73  6:04  Protoss Ground Weapons Level 1, Stalker  
  73  6:06  Pylon  
  73  6:10  Probe  
  76  6:13  Photon Cannon  
  76  6:18  Stalker  
  79  6:23  Stalker  
  79  6:24  Stalker  
  83  6:30  Probe  
  80  6:33  Stalker  
  80  6:34  Probe  
  79  6:45  Zealot  
  79  6:46  Probe  
  70  6:49  Stalker x2  
  70  6:51  Probe  
  69  6:57  Shield Battery  
  69  6:59  Probe  
  69  7:00  Pylon  
  69  7:03  Stalker  
  69  7:08  Probe  
  69  7:13  Probe  
  63  7:16  Probe  
  63  7:20  Probe  
  54  7:22  Stalker  
  54  7:23  Stalker x2  
  54  7:28  Probe  
  54  7:29  Probe  
  59  7:32  Probe  
  59  7:36  Probe  
  59  7:37  Probe, Stalker  
  59  7:40  Probe  
  59  7:41  Charge  
  63  7:44  Probe  
  63  7:49  Stalker  
  63  7:50  Stalker x2  
  72  7:58  Gateway  
  71  8:00  Gateway  
  71  8:01  Gateway  
  71  8:04  Gateway  
  71  8:05  Gateway  
  71  8:16  Stalker  
  71  8:18  Assimilator  
  73  8:23  Stalker  
  75  8:29  Protoss Ground Weapons Level 2  
  75  8:31  Gateway  
  75  8:40  Nexus  
  75  8:41  Zealot x3  
  77  8:43  Pylon  
  77  8:45  Photon Cannon  
  77  8:47  Pylon  
  81  9:06  Probe  
  80  9:14  Zealot x6  
  88  9:21  Probe  
  85  9:28  Stalker x4  
  85  9:31  Probe x2  
  95  9:33  Probe  
  95  9:37  Stalker  
  95  9:38  Stalker x3  
  104  9:39  Zealot  
  104  9:40  Zealot  
  105  9:53  Stalker  
  105  9:54  Stalker  
  105  9:55  Zealot x2  
  113  10:06  Probe  
  110  10:13  Zealot x2  
  110  10:14  Probe, Zealot x4  
  110  10:15  Probe  
  102  10:23  Probe, Zealot x4  
  102  10:26  Probe  
  102  10:27  Probe  
  103  10:33  Probe  
  103  10:34  Stalker x4  
  108  10:42  Stalker x2  
  108  10:48  Stalker  
  108  10:49  Stalker x2, Zealot  
  116  11:02  Stalker x3, Zealot  
  116  11:03  Zealot x2  
  112  11:15  Stalker x2  
  112  11:16  Zealot x2  
  120  11:24  Zealot x4  
  112  11:40  Probe x2  
  112  11:43  Stalker x2  
  112  11:44  Robotics Facility, Zealot x3  
  112  11:45  Zealot x5  
Show
View Real Time Build Order
Export as new Build Order

Jumy Protoss 

Build Orders: Blink Stalkers 

Get SALT Encoding   

  12  0:00  Probe  
  13  0:12  Probe  
  14  0:18  Pylon  
  14  0:24  Probe  
  15  0:33  Probe  
  15  0:38  Gateway  
  15  0:41  Probe  
  16  0:47  Assimilator  
  17  0:51  Probe  
  17  0:55  Assimilator  
  18  1:03  Probe  
  18  1:08  Gateway  
  19  1:11  Probe  
  20  1:19  Probe  
  21  1:26  Cybernetics Core  
  21  1:31  Probe  
  22  1:35  Pylon  
  22  1:43  Probe  
  23  1:56  Probe  
  23  1:59  Stalker  
  24  2:02  Sentry  
  24  2:06  Warp Gate  
  24  2:08  Probe  
  29  2:10  Pylon  
  29  2:20  Probe  
  32  2:32  Probe  
  33  2:42  Nexus  
  31  2:44  Stalker  
  31  2:50  Probe  
  34  2:57  Pylon  
  34  3:00  Stalker  
  36  3:06  Probe  
  37  3:15  Twilight Council  
  37  3:20  Probe, Sentry  
  40  3:31  Shield Battery  
  40  3:33  Blink  
  41  3:34  Probe  
  41  3:41  Pylon  
  41  3:54  Probe  
  42  3:59  Stalker x2  
  42  4:02  Probe  
  47  4:06  Probe  
  48  4:13  Probe  
  49  4:18  Probe  
  49  4:21  Probe  
  50  4:25  Pylon  
  50  4:26  Probe  
  50  4:29  Probe  
  52  4:32  Gateway  
  52  4:34  Probe  
  54  4:41  Probe  
  54  4:42  Stalker  
  57  4:47  Stalker  
  57  4:48  Probe  
  60  4:53  Probe  
  60  4:56  Gateway  
  61  5:01  Forge  
  61  5:08  Stalker  
  61  5:10  Probe  
  61  5:11  Pylon  
  64  5:14  Stalker  
  64  5:15  Probe  
  64  5:16  Protoss Ground Weapons Level 1  
  67  5:22  Probe  
  67  5:27  Probe  
  69  5:32  Stalker x2  
  69  5:35  Probe  
  74  5:36  Photon Cannon  
  73  5:43  Assimilator  
  73  5:44  Stalker  
  75  5:59  Nexus  
  75  6:00  Stalker  
  75  6:02  Pylon  
  75  6:03  Probe  
  78  6:12  Pylon  
  78  6:19  Stalker  
  78  6:20  Probe  
  78  6:25  Stalker x3  
  85  6:26  Probe  
  82  6:43  Charge  
  82  6:45  Probe, Stalker  
  82  6:46  Probe  
  78  6:49  Stalker x3  
  78  6:58  Probe x2  
  74  7:07  Gateway x2  
  74  7:10  Probe  
  74  7:11  Stalker  
  71  7:16  Stalker  
  61  7:25  Stalker x2  
  61  7:26  Protoss Ground Weapons Level 2  
  65  7:35  Stalker  
  65  7:36  Probe  
  64  7:38  Probe  
  64  7:40  Shield Battery  
  64  7:44  Robotics Facility  
  63  7:46  Probe  
  63  7:49  Stalker x2  
  65  7:55  Probe  
  65  7:56  Probe  
  67  7:58  Probe  
  68  8:08  Nexus  
  68  8:12  Stalker  
  70  8:15  Stalker  
  72  8:23  Gateway  
  72  8:24  Gateway  
  72  8:25  Probe  
  73  8:28  Stalker  
  73  8:29  Probe  
  73  8:30  Probe  
  73  8:31  Observer  
  78  8:35  Stalker  
  78  8:37  Pylon  
  80  8:45  Gateway  
  80  8:46  Gateway  
  81  9:01  Stalker  
  81  9:03  Zealot x3  
  85  9:13  Probe  
  85  9:16  Robotics Facility, Zealot  
  86  9:21  Zealot x2  
  86  9:22  Probe x2  
  86  9:24  Stalker  
  94  9:25  Stalker x3  
  94  9:27  Probe  
  94  9:28  Probe  
  102  9:34  Probe, Photon Cannon  
  102  9:37  Pylon  
  102  9:38  Pylon, Sentry  
  105  9:41  Photon Cannon  
  105  9:43  Stalker  
  107  9:48  Stalker  
  107  9:49  Stalker  
  111  9:55  Zealot x2  
  111  10:01  Zealot x4  
  109  10:08  Zealot  
  109  10:13  Zealot x2  
  99  10:16  Zealot x2  
  99  10:18  Warp Prism  
  95  10:22  Zealot x3  
  95  10:28  Zealot  
  93  10:35  Stalker x2  
  89  10:38  Zealot x2  
  89  10:40  Zealot  
  91  10:44  Shield Battery  
  91  10:47  Zealot x3  
  91  10:49  Probe  
  99  10:50  Probe  
  99  10:54  Zealot  
  101  10:59  Stalker x3  
  101  11:02  Stalker  
  101  11:03  Zealot  
  101  11:08  Zealot x2  
  97  11:13  Zealot  
  97  11:18  Zealot x2  
  103  11:23  Pylon  
  103  11:24  Zealot x3  
  109  11:27  Zealot  
  109  11:28  Probe  
  109  11:29  Probe  
  109  11:30  Gateway  
  99  11:39  Zealot x3  
  101  11:40  Zealot x3  
  88  11:47  Stalker x2  
  88  11:48  Probe  
  79  11:54  Zealot  
  79  12:00  Zealot x4  
Tags
 
Add a new tag
Caveats
  • Supply blocks, unpowered buildings, or Contaminate may cause inaccurate times.
  • Supply counts are checked every 10 seconds.